 Dungeon Crawl Stone Soup version 0.23.2-40-g277498a001 (webtiles) character file.

Game seed: 1530704334587459588

39 Descartes the Shield-Bearer (level 3, 0/29 HPs)
             Began as a Formicid Fighter on Aug 31, 2019.
             Succumbed to an adder's poison
             ... on level 2 of the Dungeon.
             The game lasted 00:01:49 (735 turns).

Descartes the Shield-Bearer (Formicid Fighter)       Turns: 735, Time: 00:01:50

Health: 0/29       AC:  6    Str: 20    XL:     3   Next: 67%
Magic:  3/4        EV:  8    Int:  7    God:
Gold:   60         SH:  9    Dex: 11    Spells: 3/3 levels left

rFire    . . .     SeeInvis +   a - +0 long sword
rCold    . . .     Gourm    .   c - +0 shield
rNeg     . . .     Faith    .   b - +0 scale mail
rPois    .         Spirit   .   (helmet unavailable)
rElec    .         Reflect  .   (no cloak)
rCorr    .         Harm     .   (no gloves)
MR       .....                  (no boots)
Stlth    ..........             (no amulet)
HPRegen  0.09/turn              (no ring)
MPRegen  0.09/turn              (no ring)

@: lethally poisoned (0 -> -3)
A: permanent stasis, dig shafts and tunnels, four strong arms, antennae 3
a: Dig, Shaft Self


You were on level 2 of the Dungeon.
You were not hungry.

You visited 1 branch of the dungeon, and saw 2 of its levels.

You collected 60 gold pieces.

Inventory:

Hand Weapons
 a - a +0 long sword (weapon)
Missiles
 g - 10 poisoned needles
 m - 42 stones (quivered)
Armour
 b - a +0 scale mail (worn)
 c - a +0 shield (worn)
Scrolls
 j - a scroll of teleportation {unknown}
 k - a scroll of enchant armour {unknown}
 o - a scroll of remove curse {unknown}
Potions
 d - a potion of might
 e - a potion of brilliance {unknown}
 i - a potion of lignification {unknown}
 l - a potion of magic {unknown}
 n - a potion of ambrosia {unknown}
 p - 2 potions of curing {unknown}
 q - 2 potions of invisibility {unknown}
Comestibles
 f - a ration
 h - 2 chunks of flesh


   Skills:
 + Level 3.6 Fighting
 + Level 2.3 Long Blades
 + Level 3.5 Armour
 + Level 0.4 Dodging
 + Level 1.0 Stealth
 + Level 3.9 Shields
 + Level 0.7 Spellcasting


You had 3 spell levels left.
You didn't know any spells.
Your spell library was empty.

Dungeon Overview and Level Annotations

Branches:
Dungeon (2/15)

Altars:


Innate Abilities, Weirdness & Mutations

You cannot be hasted, slowed, berserked, paralysed or teleported.
You can dig through walls and to a lower floor.
Your four strong arms can wield two-handed weapons with a shield.
You have a pair of large antennae on your head. (SInv)


Message History

You block the adder's attack.
You hit the adder.
You kill the adder!
Your shield and scale mail prevent you from hitting the worm.
You feel sick. You block the worm's attack.
Your scale mail prevents you from hitting the worm.
The worm bites you.
* * * LOW HITPOINT WARNING * * *
You hit the worm.
The worm is lightly wounded.
You hit the worm.
The worm is heavily wounded.
* * * LOW HITPOINT WARNING * * *
You feel sick. You block the worm's attack.
You slash the worm!
You kill the worm!
Your Stealth skill increases to level 1!
Things that are here:
a worm corpse; an adder corpse You die...

.# .# .## ####.. #
.... ... ..# ###
#...#####.##.....
#...<.†@....#.#
.....#####.##.....
### #... #.# #####
.


There were no monsters in sight!

Vanquished Creatures
  An adder (D:2)
  A worm (D:2)
  A leopard gecko (D:1)
  A giant cockroach (D:1)
  4 goblins (D:1)
  4 hobgoblins (D:1)
  2 jackals (D:1)
  5 kobolds (D:1)
  A ball python (D:1)
  A bat (D:1)
  2 frilled lizards (D:1)
  2 rats (D:1)
25 creatures vanquished.

Notes
Turn   | Place    | Note
-------+----------+-------------------------------------------
     0 | D:1      | Descartes the Formicid Fighter began the quest for the Orb.
     0 | D:1      | Reached XP level 1. HP: 18/18 MP: 1/1
   114 | D:1      | Reached XP level 2. HP: 24/24 MP: 2/2
   474 | D:1      | Reached XP level 3. HP: 24/29 MP: 3/3
   730 | D:2      | HP: 1/29 [worm (5)]
   733 | D:2      | Reached skill level 1 in Stealth
   735 | D:2      | Succumbed to an adder's poison

Skill      XL: |  1  2  3 |
---------------+----------+-----
Stealth        | 1 |  1.0
Fighting       | |  3.6
Long Blades    | |  2.3
Armour         | |  3.5
Dodging        | |  0.4
Shields        | |  3.9
Spellcasting   | |  0.7

Action                   || total
-------------------------++-------
Melee: Long sword        ||    91
Armor: Scale mail        ||    33
Dodge: Dodged            ||    31
Block: Shield            ||    53
       Rpst.: Long sword ||    12
